 Dungeon Crawl Stone Soup version 0.29-a0-22-gbf593b16ee (webtiles) character file.

Game seed: 14487136971341031402

79 soggyman666 the Skirmisher (level 4, -1/41 HPs)
             Began as a Hill Orc Fighter on Jan 29, 2022.
             Slain by Sigmund (7 damage)
             ... on level 3 of the Dungeon.
             The game lasted 00:03:23 (2796 turns).

soggyman666 the Skirmisher (Hill Orc Fighter)       Turns: 2796, Time: 00:03:23

Health: -1/41      AC:  7    Str: 20    XL:     4   Next: 38%
Magic:  4/4        EV:  9    Int:  8    God:
Gold:   33         SH:  0    Dex: 10    Spells: 3/3 levels left

rFire   . . .      SeeInvis .   a - +0 war axe (spect)
rCold   + . .      Faith    +   c - +0 buckler
rNeg    . . .      Spirit   .   b - +0 scale mail
rPois   .          Reflect  .   (no helmet)
rElec   .          Harm     .   (no cloak)
rCorr   .          Rampage  .   (no gloves)
Will    .....                   (no boots)
Stlth   ..........              m - amulet of faith
HPRegen 0.13/turn               g - ring of protection from cold
MPRegen 0.09/turn               (no ring)

@: confused
A: no striking features
a: no special abilities


You were on level 3 of the Dungeon.
You visited 1 branch of the dungeon, and saw 3 of its levels.

You collected 33 gold pieces.

Inventory:

Hand Weapons
 a - a +0 spectral war axe (weapon)
 n - a +0 mace
Missiles
 l - 30 bolts
Armour
 b - a +0 scale mail (worn)
 c - a +0 buckler (worn)
Jewellery
 g - a ring of protection from cold (left hand)
 m - an amulet of faith (around neck)
Scrolls
 i - 3 scrolls of teleportation
 o - a scroll of magic mapping {unknown}
Potions
 d - a potion of might
 j - 3 potions of brilliance
 k - a potion of lignification {unknown}


   Skills:
 + Level 4.3 Fighting
 + Level 4.2 Axes
 + Level 3.7 Armour
 + Level 0.5 Dodging
 + Level 3.6 Shields


You had 3 spell levels left.
You didn't know any spells.
Your spell library was empty.

Dungeon Overview and Level Annotations

Branches:
Dungeon (3/15)

Altars:

Annotations:
D:3 Sigmund


Message History

You start putting on your amulet.
You continue putting on your amulet of faith. x5
You finish putting on your amulet of faith.
You feel a strange surge of divine interest.
m - an amulet of faith (around neck)
As you read the scroll labelled KAEFOYC KAIL, it crumbles to dust.
It is a scroll of identify.
i - 3 scrolls of teleportation
As you read the scroll of identify, it crumbles to dust.
f - a scroll of brand weapon Sigmund is nearby!
As you read the scroll of brand weapon, it crumbles to dust.
Your +0 war axe acquires a faint afterimage.
a - a +0 spectral war axe (weapon)
Sigmund shouts!
Sigmund gestures at you while chanting.
You are confused.
You are too confused!
Sigmund gestures wildly while chanting.
Sigmund flickers and vanishes!
Deactivating autopickup; reactivate with Ctrl-A.
You bump into the rock wall.
You're too confused to move!
You are more confused.
You bump into the rock wall.
A puff of flame appears from out of thin air!
The puff of flame hits you but does no damage.
Something hits you but does no damage. Something hits you but does no damage.
You bump into the rock wall.
Something hits you!
You hear some strange, mumbled words.
You are more confused.
You bump into the rock wall.
Something hits you!
You're too confused to move!
You bump into the rock wall.
Something hits you!
* * * LOW HITPOINT WARNING * * *
You start resting.
Something hits you.
* * * LOW HITPOINT WARNING * * *
You bump into the rock wall.
Something hits you!
You die...

#...............#####.
#.#####.........# #.#
#.....##.## #.#
#....###.##
##.#####.#.>##...#
......รท..)..##...#
.#######....##.{.# .#
#....####.# .#
#>.<.####@# .#
#.........## .#
#....^...... .#
#...#####.## .#
#####.#######.#
.###.............#
.....###.#######.#
###### #.# #.# # #..


There were no monsters in sight!

Vanquished Creatures
  3 adders
  A worm (D:2)
  2 dart slugs
  An orc (D:3)
  4 ball pythons
  6 endoplasms
  5 goblins
  2 hobgoblins (D:1)
  2 quokkas
  6 bats
  2 frilled lizards
  5 kobolds
  3 rats
42 creatures vanquished.

Notes
Turn   | Place    | Note
-------+----------+-------------------------------------------
     0 | D:1      | soggyman666 the Hill Orc Fighter began the quest for the
                  | Orb.
     0 | D:1      | Reached XP level 1. HP: 19/19 MP: 1/1
   273 | D:1      | Reached XP level 2. HP: 23/27 MP: 2/2
   832 | D:1      | Found a faded altar of an unknown god.
   843 | D:1      | Reached XP level 3. HP: 33/33 MP: 3/3
  2445 | D:3      | Reached XP level 4. HP: 30/40 MP: 4/4
  2454 | D:3      | HP: 2/40 [poisoned by an adder]
  2496 | D:3      | Noticed Sigmund
  2796 | D:3      | Slain by Sigmund

Illustrated notes

Levels and vault maps discovered:
D:1:      lightli_arrival_maybe_door_vault, layout_basic,
          hellmonk_ecumenical_altar_pennies_from_heaven, minivault_24,
          minmay_hexomino_u4
D:2:      layout_loops_corners, bh_walls_and_bars
D:3:      layout_loops_ring, serial_shops, shop, nicolae_diamond_shop,
          uniq_crazy_yiuf_cottage, uniq_sigmund, uniq_ijyb

Skill      XL: |  1  2  3 |
---------------+----------+-----
Fighting       | 4 |  4.3
Axes           | 3 4 |  4.2
Armour         | |  3.7
Dodging        | |  0.5
Shields        | |  3.6

Action                   |  1- 3 |  4- 6 || total
-------------------------+-------+-------++-------
Melee: War axe           |    93 |    25 ||   118
  Use: Scroll            |       |     3 ||     3
       Potion            |       |     2 ||     2
Armor: Scale mail        |    41 |    16 ||    57
Dodge: Dodged            |    41 |    11 ||    52
Block: Buckler           |    26 |     6 ||    32

Table legend: (Time is in decaauts)
 A = Elapsed time spent in this place.
 B = Non-inter-level travel time spent in this place.
 C = Inter-level travel time spent in this place.
 D = Time resting spent in this place.
 E = Time spent auto-exploring this place.
 F = Levels seen in this place.
 G = Mean time per level.
                   A        B        C        D        E       F      G
               +--------+--------+--------+--------+--------+-----+--------+
         Total |   2843 |   2705 |    138 |    452 |   1888 |   3 |  947.7 |
       Dungeon |   2843 |   2705 |    138 |    452 |   1888 |   3 |  947.7 |
               +--------+--------+--------+--------+--------+-----+--------+

Top non-repeatable levels by time:
     D:1: 1290 daAuts
     D:2: 1136 daAuts
     D:3: 415 daAuts
